 Dungeon Crawl Stone Soup version 0.29.1-15-g9cfb28693d (webtiles) character file.

Game seed: 7998249589780900536

148 pirx the Magician (level 5, 0/38 HPs)
             Began as a Djinni Conjurer on Mar 5, 2023.
             Slain by an orc wizard
             ... wielding a +2 dagger of venom
              (6 damage)
             ... on level 2 of the Dungeon.
             The game lasted 00:05:22 (3164 turns).

pirx the Magician (Djinni Conjurer)                 Turns: 3164, Time: 00:05:22

Health: 0/38       AC:  2    Str:  6    XL:     5   Next: 56%
Gold:   141        EV: 12    Int: 21    God:
                   SH:  0    Dex: 12

rFire   + + .      SeeInvis .   i - +0 dagger (protect)
rCold   x . .      Faith    .   (no shield)
rNeg    . . .      Spirit   .   a - +0 robe
rPois   ∞          Reflect  .   (no helmet)
rElec   .          Harm     .   (no cloak)
rCorr   .          Rampage  .   (no gloves)
Will    .....                   (boots unavailable)
Stlth   ++........              (no amulet)
HPRegen 0.12/turn               (no ring)
MPRegen 0.00/turn               (no ring)

@: flying, very slightly contaminated
A: sickness immunity, fire resistance 2, cold vulnerability 1, float, innate
caster, HP casting, extra vitality 1
a: no special abilities


You were on level 2 of the Dungeon.
You visited 1 branch of the dungeon, and saw 3 of its levels.

You collected 141 gold pieces.

Inventory:

Hand Weapons
 i - a +0 dagger of protection (weapon)
Armour
 a - a +0 robe (worn)
Scrolls
 f - 2 scrolls of poison
 g - a scroll of amnesia {unknown}
 h - 2 scrolls of noise {unknown}
Potions
 b - a potion of degeneration {unknown}
 c - 2 potions of lignification
 d - 2 potions of curing
 e - a potion of ambrosia
 j - a potion of heal wounds {unknown}


   Skills:
 * Level 1.7 Fighting
 + Level 2.6 Dodging
 + Level 2.0 Stealth
 * Level 4.5 Spellcasting


You couldn't memorise any spells.
You knew the following spells:

 Your Spells              Type           Power      Damage    Failure   Level
a - Fulminant Prism       Conj/Hex       11%        3d9       17%         4
b - Searing Ray           Conj           46%        2d6       2%          2
c - Dazzling Flash        Conj/Hex       46%        N/A       5%          3
d - Sting                 Tmut/Pois      92%        1d7       1%          1
e - Passwall              Tmut/Erth      19%        N/A       2%          2
q - Magic Dart            Conj           92%        1d7       1%          1
s - Iskenderun's Mystic   Conj/Tloc      23%        2d6       17%         4
Your spell library was empty.

Dungeon Overview and Level Annotations

Branches:
Dungeon (3/15)

Altars:


Innate Abilities, Weirdness & Mutations

You are immune to sickness and miasma.
You are immune to poison.
Your flesh is very heat resistant. (rF++)
You are vulnerable to cold. (rC-)
You float through the air rather than walking.
You learn spells naturally, not from books.
Your magical power is your life essence.
You have superior vitality. (+4 MHP)


Message History

There is a stone staircase leading down here.
You start resting.
HP restored.
You fly downwards.
There is a stone staircase leading up here.
The magic dart hits the orc wizard but does no damage.
The magic dart hits the orc wizard.
The orc wizard is moderately wounded.
The magic dart hits the orc wizard.
The orc wizard is severely wounded.
The magic dart hits the orc wizard but does no damage.
The orc wizard is severely wounded.
The magic dart hits the orc wizard but does no damage.
The orc wizard is severely wounded.
The orc wizard hits you with a +2 dagger of venom.
The magic dart hits the orc wizard.
The orc wizard is almost dead.
The orc wizard mumbles some strange words.
The orc wizard flickers and vanishes!
Deactivating autopickup; reactivate with Ctrl-A.
You can't see any susceptible monsters within range! (Use Z to cast anyway.)
Casting: Magic Dart (safe; 1% risk of failure)
Confirm with . or Enter, or press ? or * to list all spells.
The spell is quite dangerous to miscast (17% risk of failure)!
Continue anyway?
Aiming: Fulminant Prism (quite dangerous; 17% risk of failure)
Press: ? - help, Dir - move target You miscast Fulminant Prism.
You are very lightly contaminated with residual magic.
Nothing appears to happen.
Something hits you.
You hear some strange, mumbled words.
A magic dart appears from out of thin air!
The magic dart hits you!
* * * LOW HITPOINT WARNING * * *
Something hits you.
* * * LOW HITPOINT WARNING * * *
You fly upwards.
Reactivating autopickup.
There is a stone staircase leading down here.
You start resting.
Something hits you.
You die...

.#.....'..+..........##..#.######
##.....####.......♣..##.)#.......
.'.....# #.......♣♣.##..########
##.....# #..........##..# #..
#.:...# #.....^...###..# #.#
######.## #.........#....# #.#
........# #...........##+######'#
........###..........#...........
........+.'.....@....#...........
........###..........#...........
...........#.....................
...........#.....................
......÷....#.....................
....)......#.......>.............
...........#.....................
...........#...#######.....†.....
#######....#...# #...........


There were no monsters in sight!

Vanquished Creatures
  Terence (D:3)
  An orc wizard (D:3)
  2 adders
  3 worms (D:2)
  3 dart slugs
  3 orcs (D:3)
  3 endoplasms (D:1)
  4 giant cockroaches
  6 goblins
  6 hobgoblins
  3 jackals (D:1)
  A quokka (D:2)
  6 ball pythons
  6 bats
  2 frilled lizards
  4 kobolds
  6 rats
  2 fulminant prisms (D:3)
62 creatures vanquished.

Vanquished Creatures (others)
  4 fulminant prisms (D:3)
4 creatures vanquished.

Grand Total: 66 creatures vanquished

Notes
Turn   | Place    | Note
-------+----------+-------------------------------------------
     0 | D:1      | pirx the Djinni Conjurer began the quest for the Orb.
     0 | D:1      | pirx set off with the following spells memorised: Magic
                  | Dart, Searing Ray, Dazzling Flash, Fulminant Prism,
                  | Iskenderun's Mystic Blast.
     0 | D:1      | Reached XP level 1. HP: 15/15 MP: 0/0
    90 | D:1      | Reached XP level 2. HP: 10/21 MP: 0/0
   562 | D:1      | Reached XP level 3. HP: 17/25 MP: 0/0
   562 | D:1      | Learned a level 1 spell: Sting
   765 | D:1      | Reached skill level 4 in Spellcasting
  1052 | D:1      | Found a faded altar of an unknown god.
  1364 | D:2      | Reached XP level 4. HP: 30/31 MP: 0/0
  2276 | D:3      | Noticed Terence
  2450 | D:3      | Reached skill level 1 in Fighting
  2613 | D:3      | Reached XP level 5. HP: 24/37 MP: 0/0
  2613 | D:3      | Learned a level 2 spell: Passwall
  3023 | D:3      | Killed Terence
  3164 | D:2      | Slain by an orc wizard

Illustrated notes

Levels and vault maps discovered:
D:1:      wander_arrival_estate, layout_basic,
          hellmonk_ecumenical_altar_defaced_shrine, st_stairs_14,
          chequers_hall_statues_wall_a
D:2:      layout_basic, minivault_25, chequers_mini_garden
D:3:      layout_loops_ring, serial_shops, nicolae_lakefront_shop, fountainhead,
          uniq_terence

Skill      XL: |  1  2  3  4  5 |
---------------+----------------+-----
Spellcasting   | 4 |  4.5
Fighting       | 1 |  1.7
Stealth        | 2 |  2.0
Dodging        | |  2.6

Action                   |  1- 3 |  4- 6 || total
-------------------------+-------+-------++-------
 Cast: Magic Dart        |    57 |    79 ||   136
       Fulminant Prism   |       |     6 ||     6
       Iskenderun's Myst |       |     2 ||     2
  Use: Scroll            |       |     4 ||     4
Armor: Robe              |       |     3 ||     3
Dodge: Dodged            |       |     8 ||     8
